 Dungeon Crawl Stone Soup version 0.21-a0-460-g737a915 (webtiles) character file.

1561 slep the Slasher (level 8, -6/67 HPs)
             Began as a Demonspawn Monk on Nov 21, 2017.
             Was a Priest of Okawaru.
             Killed from afar by a centaur (19 damage)
             ... with a wand of acid (3)
             ... on level 6 of the Dungeon.
             The game lasted 00:45:37 (8778 turns).

slep the Slasher (Demonspawn Monk)                  Turns: 8778, Time: 00:45:37

Health: -6/67      AC:  4    Str: 10    XL:     8   Next: 58%
Magic:  8/8        EV: 14    Int: 12    God:    Okawaru [***...]
Gold:   140        SH:  0    Dex: 17    Spells: 7/7 levels left

rFire    . . .     SeeInvis .   a - +0 falchion
rCold    + . .     Gourm    .   (no shield)
rNeg     + . .     Faith    .   n - +0 ring mail (curse)
rPois    .         Spirit   .   e - +0 helmet
rElec    .         Reflect  .   (no cloak)
rCorr    .         Harm     .   (no gloves)
MR       .....     Rnd*Tele +   z - +0 pair of boots (curse)
Stlth    +++.......             (no amulet)
HPRegen  0.21/turn              i - ring of loudness (curse)
MPRegen  0.11/turn              B - ring of positive energy

@: corroded
A: cold resistance 1, mutation resistance 1, nightstalker 2, robust 1,
teleportitis 1, weak 1, sturdy frame 2
a: Heroism, Renounce Religion


You were on level 6 of the Dungeon.
You worshipped Okawaru.
Okawaru was most pleased with you.
You were not hungry.

You visited 2 branches of the dungeon, and saw 7 of its levels.
You also visited: Sewer.

You collected 301 gold pieces.
You spent 161 gold pieces at shops.

Inventory:

Hand Weapons
 a - a +0 falchion (weapon)
 b - a +0 blowgun
 C - a +0 dagger of flaming
 E - a +2 vampiric dagger
Missiles
 g - 10 poisoned needles
 l - 2 throwing nets (quivered)
Armour
 e - a +0 helmet (worn)
 f - a +3 ring mail
 n - a cursed +0 ring mail (worn)
 r - a +0 robe
 z - a cursed +0 pair of boots (worn)
 D - the +0 robe of Enunev {rElec, unknown}
   (You found it in a sewer)

   It insulates you from electricity.
Jewellery
 h - an uncursed ring of wizardry
 i - a cursed ring of loudness (left hand)
 B - a ring of positive energy (right hand)
Scrolls
 j - a scroll of fog {unknown}
 o - 7 scrolls of identify
 q - 6 scrolls of remove curse
 v - 7 scrolls of teleportation
 w - 2 scrolls of fear
 x - 2 scrolls of magic mapping
 y - a scroll of amnesia {unknown}
 A - 2 scrolls of enchant weapon {unknown}
Potions
 d - 3 potions of berserk rage
 k - 2 potions of lignification
 p - 7 potions of curing
 t - 2 potions of might {unknown}
 u - 5 potions of heal wounds
Books
 G - a book of Debilitation

   Spells                             Type                      Level
   a - Corona                         Hexes                        1
   b - Slow                           Hexes                        2
   c - Inner Flame                    Hexes/Fire                   3
   d - Portal Projectile              Hexes/Translocation          3
   e - Cause Fear                     Hexes                        4
   f - Leda's Liquefaction            Hexes/Earth                  4
Comestibles
 c - 5 bread rations
 m - 2 royal jellies
 s - 6 fruits
 F - a chunk of flesh


   Skills:
 + Level 4.7 Fighting
 + Level 6.8 Long Blades
 + Level 4.1 Armour
 + Level 4.6 Dodging
 + Level 4.3 Stealth


You had 7 spell levels left.
You didn't know any spells.

Dungeon Overview and Level Annotations

Branches:
Dungeon (6/15)             Temple (1/1) D:4

Altars:
Ashenzari
Cheibriados
Dithmenos
Fedhas
Gozag
Hepliaklqana
Kikubaaqudgha
Makhleb
Nemelex Xobeh
Okawaru
Qazlal
Sif Muna
Trog
Uskayaw
Vehumet
Wu Jian
Xom
Yredelemnul
Zin
The Shining One

Shops:
D:4 ?

Annotations:
D:6 Menkaure


Innate Abilities, Weirdness & Mutations

Your flesh is cold resistant. (rC+)
You are significantly more attuned to the shadows.
Your movements are less encumbered by armour. (ER -4)
You are somewhat resistant to further mutation.
You are robust. (+10% HP)
You are occasionally teleported next to monsters.
You are weak. (Str -2)


Message History

The centaur zaps a wand.
The bolt of acid hits you! The acid corrodes you!
You are splashed with acid!
The acid burns!
* * * LOW HITPOINT WARNING * * *
It is a wand of acid (3).
The centaur hits you.
* * * LOW HITPOINT WARNING * * *
You feel much better.
The centaur wields a runed shortbow.
It is covered in frost.
The centaur shoots an arrow.
The arrow hits you!
* * * LOW HITPOINT WARNING * * *
The arrow freezes you.
* * * LOW HITPOINT WARNING * * *
The centaur hits you.
* * * LOW HITPOINT WARNING * * *
The centaur misses you. The centaur misses you.
The centaur shoots an arrow.
The arrow completely misses you.
The centaur wields a shortbow.
The centaur shoots an arrow.
The arrow closely misses you.
There is a stone staircase leading down here.
The centaur zaps a wand.
The bolt of acid hits you!
You die...

...........##.)))'###
...)......(##..)#.###############
#############...#................
,,,,,,,,,,* ###.######......####.
,,,,,,,,,,* #.#...........'.##.
,,,,,,,,,,*####....###......#.##.
,,,,,,,,,,*#...........######....
,,,,,,,,,,*#..(........# #..#.
,,,,,,,,,,*#...c@......# ###..#'
,,,,,,>,,,*#...c.......# #......
,,,,,,,,,,*#...........# #......
,,,,,,,,,,*#...........# #......
,,,,,,,,,,*#...........# #......
,,,,,,,,,,*#...........# #......
,,,,,,,,,,*#...........# #......
***,*****,*#...........# #......
,,,,**,,,,,'...........# #######


You could see 2 centaurs.

Vanquished Creatures
  Sigmund (D:4)
  2 sky beasts
  3 ogres
  A bullfrog (D:6)
  3 scorpions (D:4)
  2 howler monkeys
  A hound (D:6)
  A centaur zombie (D:6)
  2 bullfrog skeletons
  An iguana (D:5)
  3 orc wizards
  A statue (D:4)
  2 worker ants
  A hound zombie (D:6)
  4 gnolls (D:6)
  6 river rats
  10 adders
  2 oozes
  An adder zombie (D:5)
  5 worms
  A dart slug (D:3)
  5 leopard geckos
  14 orcs
  3 giant cockroaches
  4 goblins
  10 hobgoblins
  14 jackals
  4 quokkas
  8 ball pythons
  6 bats
  5 frilled lizards
  A giant cockroach zombie (D:5)
  23 kobolds
  34 rats
184 creatures vanquished.

Notes
Turn   | Place    | Note
-------+----------+-------------------------------------------
     0 | D:1      | slep the Demonspawn Monk began the quest for the Orb.
     0 | D:1      | Reached XP level 1. HP: 18/18 MP: 1/1
   195 | D:1      | Reached skill level 3 in Long Blades
   195 | D:1      | Gained mutation: Your movements are slightly less encumbered by armour. (ER -2) [demonic ancestry]
   195 | D:1      | Reached XP level 2. HP: 19/24 MP: 2/2
   661 | D:2      | Gained mutation: You are slightly more attuned to the shadows. [demonic ancestry]
   661 | D:2      | Reached XP level 3. HP: 29/29 MP: 3/3
  1457 | D:2      | Gained mutation: Your movements are less encumbered by armour. (ER -4) [demonic ancestry]
  1457 | D:2      | Reached XP level 4. HP: 35/35 MP: 4/4
  1809 | D:3      | Found a faded altar of an unknown god.
  1883 | D:3      | Noticed an ogre
  1955 | D:4      | Reached skill level 4 in Long Blades
  1955 | D:4      | Gained mutation: Your flesh is cold resistant. (rC+) [demonic ancestry]
  1955 | D:4      | Reached XP level 5. HP: 36/41 MP: 5/5
  2058 | D:4      | Reached skill level 1 in Armour
  2123 | D:4      | Found a staircase to the Ecumenical Temple.
  2130 | Temple   | Entered the Ecumenical Temple
  2208 | Temple   | Became a worshipper of Warmaster Okawaru
  2208 | Temple   | Reached * piety under Okawaru
  2208 | Temple   | Reached ** piety under Okawaru
  2269 | D:3      | Found a hide-covered altar of Uskayaw.
  2863 | D:3      | Killed an ogre
  2863 | D:3      | Reached XP level 6. HP: 48/48 MP: 6/6
  3458 | D:4      | Gained mutation: Your body sometimes deteriorates upon taking damage. [potion of mutation]
  3458 | D:4      | Gained mutation: Armour fits poorly on your strangely shaped body. [potion of mutation]
  3458 | D:4      | Gained mutation: You are occasionally teleported next to monsters. [potion of mutation]
  3458 | D:4      | Gained mutation: You are somewhat resistant to further mutation. [potion of mutation]
  3664 | D:4      | Lost mutation: Your body sometimes deteriorates upon taking damage. [potion of mutation]
  3664 | D:4      | Lost mutation: Armour fits poorly on your strangely shaped body. [potion of mutation]
  3664 | D:4      | Lost mutation: You are somewhat resistant to further mutation. [potion of mutation]
  3664 | D:4      | Gained mutation: You are robust. (+10% HP) [potion of mutation]
  3664 | D:4      | Gained mutation: You are weak. (Str -2) [potion of mutation]
  3664 | D:4      | Gained mutation: You are somewhat resistant to further mutation. [potion of mutation]
  3684 | D:4      | Reached skill level 5 in Long Blades
  3882 | D:4      | Reached XP level 7. HP: 13/59 MP: 7/7
  4084 | D:4      | Found Ziopt's Magic Scroll Boutique.
  4091 | D:4      | Bought a scroll of identify for 28 gold pieces
  4091 | D:4      | Bought a scroll of teleportation for 42 gold pieces
  4091 | D:4      | Bought a scroll of fear for 49 gold pieces
  4091 | D:4      | Bought a scroll of remove curse for 42 gold pieces
  4125 | D:4      | Found a radiant altar of Vehumet.
  4251 | D:4      | Noticed Sigmund
  4273 | D:5      | Entered Level 5 of the Dungeon
  4582 | D:4      | Killed Sigmund
  5993 | D:5      | Found an opulent altar of Gozag.
  6523 | D:5      | Reached skill level 6 in Long Blades
  6523 | D:5      | Gained mutation: You are significantly more attuned to the shadows. [demonic ancestry]
  6523 | D:5      | Reached XP level 8. HP: 48/67 MP: 8/8
  7086 | D:6      | Found a glowing drain.
  7114 | Sewer    | Entered a sewer
  7229 | Sewer    | Reached *** piety under Okawaru
  7886 | Sewer    | Got a warped robe
  8125 | D:6      | HP: 3/67 [gnoll/flail (10)]
  8584 | D:6      | Noticed Menkaure
  8602 | D:6      | Found a stormy altar of Qazlal.
  8778 | D:6      | Killed from afar by a centaur

Vault maps used:
D:1:      dpeg_arrival_tiny_a
D:3:      marbit_many_paths, chequers_ecumenical_altar_simple, minmay_surrounded
D:4:      vehumet_statue, minmay_temple_entry_butterflies, serial_shops,
          nicolae_shop_statue_plus, first_bread, kennysheep_generic_room_8,
          uniq_sigmund
D:5:      grunt_gozag_statues
D:6:      lemuel_round_altar, gup_sewer_entry_bubbles, uniq_menkaure
Temple:   regret_index_temple_mists
Sewer:    sewer_minmay_treatment

Skill      XL: |  1  2  3  4  5  6  7  8 |
---------------+-------------------------+-----
Long Blades    | 3 4 5 6 |  6.8
Dodging        | 3 4 |  4.6
Stealth        | 2 3 4 |  4.3
Armour         | 1 2 3 4 |  4.1
Fighting       | 4 |  4.7

Action                   |  1- 3 |  4- 6 |  7- 9 || total
-------------------------+-------+-------+-------++-------
Melee: Falchion          |   136 |   265 |   459 ||   860
  Use: Potion            |       |     7 |     9 ||    16
       Scroll            |       |       |     1 ||     1
 Stab: Sleeping          |     6 |    13 |     3 ||    22
       Distracted        |     1 |       |     2 ||     3
  Eat: Chunk             |     2 |     8 |    19 ||    29
       Fruit             |       |       |     2 ||     2
Armor: Robe              |     5 |       |       ||     5
       Ring mail         |    44 |    77 |   131 ||   252
       Skin              |       |     1 |     5 ||     6
Dodge: Dodged            |    67 |   182 |   335 ||   584
       Rpst.: Falchion   |    28 |    61 |    96 ||   185

Table legend:
 A = Spawn XP
 B = Non-spawn XP
 C = Spawn XP percentage of total XP
 D = Spawn monster count
 E = Non-spawn monster count
 F = Spawn count percentage of total count
 G = Total turns spent on level
                    A         B        C        D         E        F      G
               +---------+---------+-------+---------+---------+-------+---------
         Total |       0 |    2231 |   0.0 |       0 |     184 |   0.0 |  8778
               +---------+---------+-------+---------+---------+-------+---------
           D:1 |       0 |      39 |   0.0 |       0 |      21 |   0.0 |   607
           D:2 |       0 |      61 |   0.0 |       0 |      16 |   0.0 |   962
           D:3 |       0 |     228 |   0.0 |       0 |      41 |   0.0 |  1053
           D:4 |       0 |     697 |   0.0 |       0 |      20 |   0.0 |  2326
           D:5 |       0 |     435 |   0.0 |       0 |      14 |   0.0 |  2099
           D:6 |       0 |     638 |   0.0 |       0 |      24 |   0.0 |   773
         Sewer |       0 |     133 |   0.0 |       0 |      48 |   0.0 |   861
               +---------+---------+-------+---------+---------+-------+---------
